 Dungeon Crawl Stone Soup version 0.28-a0-1555-g9ae15a6949 (webtiles) character file.

Game seed: 971966753054337877

7249 sbbq2022 the Ruffian (level 10, -7/79 HPs)
             Began as a Demonspawn Fighter on Jan 18, 2022.
             Was a Believer of Uskayaw.
             Mangled by a troll (10 damage)
             ... on level 11 of the Dungeon.
             The game lasted 00:13:19 (11971 turns).

sbbq2022 the Ruffian (Demonspawn Fighter)          Turns: 11971, Time: 00:13:19

Health: -7/79      AC: 11    Str: 13 (16) XL:     10   Next: 88%
Magic:  13/13      EV: 13    Int: 12 (14) God:    Uskayaw [**....]
Gold:   634        SH:  0    Dex: 16 (19) Spells: 10/13 levels left

rFire   . . .      SeeInvis +   n - +0 dagger (drain)
rCold   . . .      Faith    .   (no shield)
rNeg    . . .      Spirit   .   b - +0 scale mail
rPois   .          Reflect  .   a - +0 helmet
rElec   .          Harm     .   (no cloak)
rCorr   .          Rampage  .   j - +0 pair of gloves
Will    .....                   x - +0 pair of boots
Stlth   ++........              (no amulet)
HPRegen 0.23/turn               y - ring of see invisible
MPRegen 0.26/turn               s - +6 ring of dexterity

@: brilliant, attractive, hasted, very quick
A: repulsion field 1, spiny 2, magic regeneration, demonic touch 2
a: Renounce Religion, Stomp, Line Pass


You were on level 11 of the Dungeon.
You worshipped Uskayaw.
Uskayaw was noncommittal.
You visited 2 branches of the dungeon, and saw 12 of its levels.

You collected 634 gold pieces.

Inventory:

Hand Weapons
 n - a +0 dagger of draining (weapon)
Missiles
 r - a throwing net (quivered)
Armour
 a - a +0 helmet (worn)
 b - a +0 scale mail (worn)
 j - a +0 pair of gloves (worn)
 x - a +0 pair of boots (worn)
Jewellery
 o - a +6 ring of intelligence
 s - a +6 ring of dexterity (right hand)
 y - a ring of see invisible (left hand)
 F - a ring of positive energy
Wands
 d - a wand of digging (7)
 t - a wand of flame (16)
 v - a wand of iceblast (12)
 B - a wand of acid (5)
Scrolls
 f - 5 scrolls of identify {unknown}
 h - a scroll of silence {unknown}
 i - 2 scrolls of amnesia {unknown}
 m - 3 scrolls of teleportation {unknown}
 u - 2 scrolls of blinking {unknown}
 w - 3 scrolls of magic mapping {unknown}
 A - a scroll of enchant armour {unknown}
 C - a scroll of fog {unknown}
 D - a scroll of immolation {unknown}
 G - a scroll of enchant weapon {unknown}
Potions
 c - 3 potions of brilliance
 e - a potion of haste
 g - a potion of attraction
 k - a potion of degeneration
 l - 2 potions of curing {unknown}
 p - 2 potions of mutation {unknown}
 q - a potion of heal wounds {unknown}
 z - 2 potions of might
 E - a potion of ambrosia


   Skills:
 + Level 7.1 Fighting
 - Level 4.3 Short Blades
 + Level 6.4 Armour
 + Level 5.6 Dodging
 + Level 5.4 Stealth
 - Level 3.8 Shields
 * Level 7.1 Unarmed Combat
 + Level 2.2 Spellcasting
 * Level 3.3 Ice Magic
 + Level 4.8 Invocations


You had 10 spell levels left.
You knew the following spells:

 Your Spells              Type           Power      Damage    Failure   Level
a - Frozen Ramparts       Ice            28%        1d4       61%         3

Your spell library contained the following spells:

 Spells                   Type           Power      Damage    Failure   Level
 Animate Skeleton         Necr           4%         N/A       71%         1
 Pain                     Necr           8%         1d4       71%         1
 Confusing Touch          Hex            2%         N/A       97%         3
 Conjure Flame            Conj/Fire      2%         6-21      97%         3
 Ignite Poison            Fire/Tmut/Pois 2%         N/A       97%         3
 Inner Flame              Hex/Fire       2%         N/A       97%         3
 Vampiric Draining        Necr           2%         2d6       97%         3
 Hailstorm                Conj/Ice       8%         3d4       99%         4
 Ice Form                 Ice/Tmut       8%         N/A       99%         4
 Summon Ice Beast         Ice/Summ       8%         N/A       99%         4
 Cause Fear               Hex            1%         N/A       100%        4
 Sticky Flame             Conj/Fire      2%         2d3       100%        4
 Yara's Violent Unravell  Hex/Tmut       1%         3d3       100%        5
 Simulacrum               Ice/Necr       4%         N/A       100%        6
 Enfeeble                 Hex            1%         N/A       100%        7
 Discord                  Hex            1%         N/A       100%        8


Dungeon Overview and Level Annotations

Branches:
Dungeon (11/15)            Temple (1/1) D:7            Lair (0/6) D:8
    Orc (0/2) D:9

Altars:
Ashenzari
Cheibriados
Dithmenos
Elyvilon
Gozag
Kikubaaqudgha
Makhleb
Nemelex Xobeh
Qazlal
Ru
Sif Muna
Trog
Uskayaw
Vehumet
Wu Jian
Xom
Zin
The Shining One

Annotations:
D:3 1 runed translucent door, Crazy Yiuf


Innate Abilities, Weirdness & Mutations

You are surrounded by a mild repulsion field. (EV +2)
You are mostly covered in sharp spines.
You regenerate magic rapidly.
Your touch may inflict irresistible damage on your foes.


Message History

The vampire closely misses you. x2
Unknown command.
You're too confused to move!
You feel less confused. The troll bites you!
* * * LOW HITPOINT WARNING * * *
The troll barely misses you. The troll claws you!
* * * LOW HITPOINT WARNING * * *
The shadow completely misses you. The vampire is struck by your spines.
The vampire closely misses you.
The vampire bites you but does no damage.
Uskayaw will force your foes to helplessly watch your dance.
Uskayaw prepares the audience for your solo!
You open the door.
Uskayaw prepares the audience for your solo!
Found 21 gold pieces.
There is an open door here.
The troll is no longer paralysed.
The vampire is no longer paralysed.
There's a creature in the doorway!
It was a potion of brilliance.
You feel clever all of a sudden. The troll closely misses you.
The troll claws you but does no damage. The troll claws you.
* * * LOW HITPOINT WARNING * * *
Unknown command.
Unknown command.
It was a potion of haste.
You feel yourself speed up. The troll is struck by your spines.
The troll bites you but does no damage. The troll claws you.
* * * LOW HITPOINT WARNING * * *
The troll claws you but does no damage.
Unknown command.
It was a potion of attraction.
You feel attractive to monsters.
Unknown command.
It was a potion of degeneration.
There was something very wrong with that liquid.
You feel weakened.
You feel dopey.
You feel clumsy. The troll is struck by your spines. The troll bites you!
You die...

#...........#
#...........#
#...........####
+...........#.@+
#...........#T##
#...........#V#
#.........W.#.#
#..........V'$#
#...........###
#####'#######
#..# #####.####


You could see a troll and a vampire (invisible).

Vanquished Creatures
  Pikel (D:7)
  A centaur zombie (D:10)
  A gargoyle (D:10)
  A troll (D:10)
  Grinder (D:3)
  Sigmund (D:2)
  2 wyverns
  4 fire bats (D:9)
  4 yaks (D:10)
  A steam dragon (D:10)
  Menkaure (D:5)
  A hell hound (D:9)
  5 water moccasins
  Duvessa (D:5)
  2 black bears
  An ice beast (D:6)
  2 sky beasts (D:5)
  A hornet zombie (D:7)
  An ogre (D:6)
  2 orc warriors
  A necrophage (D:7)
  4 centaurs
  A kobold brigand (D:7)
  2 bullfrogs
  A water moccasin zombie (D:5)
  Dowan (D:5)
  14 killer bees
  3 wights (D:8)
  3 howler monkeys (D:7)
  2 lava snakes (D:9)
  3 centaur skeletons
  A hound (D:5)
  A jelly (D:4)
  A gnoll shaman (D:6)
  5 orc priests (D:9)
  2 bullfrog skeletons
  Terence (D:2)
  Jessica (D:2)
  Ijyb (D:3)
  An iguana (D:5)
  An orc wizard (D:9)
  A killer bee zombie (D:6)
  A hound skeleton (D:4)
  Robin (D:4)
  3 gnolls (D:6)
  A howler monkey skeleton (D:7)
  7 adders
  A white imp (D:8)
  2 ufetubi
  A worm (D:2)
  2 dart slugs
  6 orcs
  5 ball pythons
  A bat (D:1)
  7 endoplasms
  2 giant cockroaches (D:3)
  12 goblins
  14 hobgoblins
  6 jackals (D:3)
  11 kobolds
  9 quokkas
  4 frilled lizards (D:2)
  5 rats
186 creatures vanquished.

Vanquished Creatures (others)
  An orc wizard (D:9)
  A goblin (D:4)
  3 fire vortices (D:9)
5 creatures vanquished.

Grand Total: 191 creatures vanquished

Notes
Turn   | Place    | Note
-------+----------+-------------------------------------------
     0 | D:1      | sbbq2022 the Demonspawn Fighter began the quest for the
                  | Orb.
     0 | D:1      | Reached XP level 1. HP: 18/18 MP: 1/1
   159 | D:1      | Gained mutation: You are partially covered in sharp spines.
                  | [demonic ancestry]
   159 | D:1      | Reached XP level 2. HP: 24/24 MP: 2/2
   204 | D:1      | Found a faded altar of an unknown god.
   570 | D:1      | Gained mutation: You are surrounded by a mild repulsion
                  | field. (EV +2) [demonic ancestry]
   570 | D:1      | Reached XP level 3. HP: 29/29 MP: 3/3
   717 | D:2      | Noticed Terence
  1160 | D:2      | Noticed Sigmund
  1172 | D:2      | Killed Sigmund
  1173 | D:2      | Reached skill level 1 in Dodging
  1173 | D:2      | Gained mutation: You regenerate magic rapidly. [demonic
                  | ancestry]
  1173 | D:2      | Reached XP level 4. HP: 25/37 MP: 4/4
  1173 | D:2      | Reached XP level 5. HP: 28/42 MP: 5/5
  1531 | D:2      | Noticed Jessica
  1540 | D:2      | Killed Jessica
  1625 | D:2      | Killed Terence
  2056 | D:3      | Gained mutation: Your touch may inflict minor irresistible
                  | damage on your foes. [demonic ancestry]
  2056 | D:3      | Reached XP level 6. HP: 44/48 MP: 6/6
  2801 | D:3      | Found a runed translucent door.
  2802 | D:3      | Noticed Crazy Yiuf
  2851 | D:3      | Noticed Grinder
  2869 | D:3      | HP: 1/48 [Grinder/nerve-wracking pain (9)]
  2875 | D:3      | Paralysed by Grinder for 4 turns
  2892 | D:3      | Killed Grinder
  2893 | D:3      | Gained mutation: Your touch may inflict irresistible damage
                  | on your foes. [demonic ancestry]
  2893 | D:3      | Reached XP level 7. HP: 14/54 MP: 7/7
  3189 | D:3      | Noticed Ijyb
  3196 | D:3      | Killed Ijyb
  3544 | D:4      | Noticed Robin
  3564 | D:4      | Killed Robin
  3719 | D:4      | Reached skill level 1 in Stealth
  3719 | D:4      | Reached skill level 1 in Unarmed Combat
  3898 | D:4      | Found a radiant altar of Vehumet.
  4054 | D:4      | You fall into a shaft and drop 2 floors!
  4391 | D:6      | Gained mutation: You are mostly covered in sharp spines.
                  | [demonic ancestry]
  4391 | D:6      | Reached XP level 8. HP: 60/61 MP: 8/8
  4537 | D:6      | Reached skill level 5 in Fighting
  4770 | D:5      | Entered Level 5 of the Dungeon
  5181 | D:5      | Reached skill level 5 in Armour
  5287 | D:5      | Noticed Duvessa
  5287 | D:5      | Noticed Dowan
  5303 | D:5      | Killed Duvessa
  5307 | D:5      | Killed Dowan
  6084 | D:5      | Noticed Menkaure
  6089 | D:5      | Reached XP level 9. HP: 65/69 MP: 9/9
  6092 | D:5      | Killed Menkaure
  6508 | D:7      | Found a staircase to the Ecumenical Temple.
  6580 | D:7      | Reached skill level 5 in Unarmed Combat
  6587 | Temple   | Entered the Ecumenical Temple
  6846 | Temple   | Became a worshipper of Uskayaw the Reveller
  7007 | D:7      | Reached * piety under Uskayaw
  7009 | D:7      | Reached ** piety under Uskayaw
  7014 | D:7      | Reached *** piety under Uskayaw
  7015 | D:7      | Reached **** piety under Uskayaw
  7054 | D:7      | Reached skill level 1 in Invocations
  7297 | D:7      | Noticed Pikel
  7317 | D:7      | Killed Pikel
  8196 | D:8      | Reached skill level 5 in Dodging
  8539 | D:8      | Found a staircase to the Lair.
  8617 | D:8      | Learned a level 3 spell: Frozen Ramparts
  8745 | D:9      | Found a staircase to the Orcish Mines.
  8893 | D:9      | Reached XP level 10. HP: 61/77 MP: 12/12
  9631 | D:9      | Reached skill level 1 in Ice Magic
  9775 | D:9      | Reached skill level 1 in Spellcasting
  9780 | D:9      | Reached ***** piety under Uskayaw
  9793 | D:10     | Entered Level 10 of the Dungeon
 10175 | D:9      | Reached skill level 5 in Stealth
 10951 | D:10     | Noticed a gargoyle
 10970 | D:10     | Killed a gargoyle
 11918 | D:11     | Noticed a cyclops
 11968 | D:11     | HP: 3/79 [troll (2)]
 11971 | D:11     | Mangled by a troll

Illustrated notes

Levels and vault maps discovered:
D:1:      saegor_arrival_simple_d, layout_loops_cross,
          nicolae_ecumenical_snake_handling
D:2:      layout_loops_cross, minmay_tetromino_o4, uniq_terence, uniq_sigmund,
          uniq_jessica
D:3:      kb_forest_paths, layout_basic, uniq_grinder, uniq_crazy_yiuf_cottage,
          uniq_ijyb
D:4:      layout_rooms, fiery_altar_vehumet, minmay_misc_feat_roman,
          st_stairs_6, uniq_robin
D:5:      layout_basic, uniq_duvessa, uniq_menkaure
D:6:      cheibrodos_quashed, layout_basic
D:7:      layout_cave_pods, temple_fountains, palyth_stone_intersect,
          patterned_corridor, uniq_pikel
D:8:      layout_basic, lair_entry_dummy, kennysheep_generic_room_13
D:9:      nicolae_cairo_tiling_large_dashed, layout_irregular_city, orc_0_dummy,
          hangedman_incinerator
D:10:     layout_loops_cross
D:11:     layout_roguey, ebering_ghost_funeral_grove, nicolae_ru_path_of_blood,
          uniq_snorg
Temple:   mainiacjoe_temple_circle_huts

Skill      XL: |  1  2  3  4  5  6  7  8  9 10 |
---------------+-------------------------------+-----
Short Blades   | 2 3 4 |  4.3
Armour         | 3 4 5 6 |  6.4
Shields        | 3 |  3.8
Dodging        | 1 2 3 4 5 |  5.6
Fighting       | 4 5 6 7 |  7.1
Stealth        | 2 3 4 5 |  5.4
Unarmed Combat | 2 4 6 7 |  7.1
Invocations    | 3 4 |  4.8
Ice Magic      | 3 |  3.3
Spellcasting   | 2 |  2.2

Action                   |  1- 3 |  4- 6 |  7- 9 | 10-12 || total
-------------------------+-------+-------+-------+-------++-------
Melee: Rapier            |    61 |   102 |     8 |       ||   171
       Dagger            |       |       |   291 |   139 ||   430
       Touch             |       |       |    60 |    32 ||    92
       Unarmed           |       |       |     3 |       ||     3
       Punch             |       |       |    12 |    12 ||    24
Evoke: Wand              |       |       |       |     2 ||     2
  Use: Potion            |     1 |     2 |       |     4 ||     7
 Stab: Paralysed         |       |       |     8 |     9 ||    17
       Sleeping          |       |       |     1 |     2 ||     3
       Distracted        |       |       |       |     1 ||     1
Armor: Scale mail        |    13 |    35 |   123 |    61 ||   232
Dodge: Dodged            |    19 |    30 |   160 |   104 ||   313
Block: Buckler           |    10 |    13 |       |       ||    23

Table legend: (Time is in decaauts)
 A = Elapsed time spent in this place.
 B = Non-inter-level travel time spent in this place.
 C = Inter-level travel time spent in this place.
 D = Time resting spent in this place.
 E = Time spent auto-exploring this place.
 F = Levels seen in this place.
 G = Mean time per level.
                   A        B        C        D        E       F      G
               +--------+--------+--------+--------+--------+-----+--------+
         Total |  11894 |  11444 |    450 |   2761 |   7312 |  12 |  991.2 |
       Dungeon |  11613 |  11196 |    417 |   2761 |   7083 |  11 | 1055.7 |
        Temple |    280 |    247 |     33 |      0 |    229 |   1 |  280.0 |
               +--------+--------+--------+--------+--------+-----+--------+

Top non-repeatable levels by time:
    D:10: 1656 daAuts
     D:9: 1604 daAuts
     D:3: 1508 daAuts
     D:5: 1290 daAuts
     D:2: 1115 daAuts
     D:8: 989 daAuts
     D:1: 943 daAuts
     D:7: 928 daAuts
     D:6: 910 daAuts
     D:4: 630 daAuts
  Temple: 280 daAuts
    D:11: 37 daAuts
